 Dungeon Crawl Stone Soup version 0.27.1-1-g398f81649c (webtiles) character file.

Game seed: 6170315899842411509

62 ZARRMARR the Conjurer (level 4, -3/27 HPs)
             Began as an Octopode Conjurer on Sept 13, 2021.
             Slain by an orc (5 damage)
             ... on level 2 of the Dungeon.
             The game lasted 00:02:41 (2083 turns).

ZARRMARR the Conjurer (Octopode Conjurer)           Turns: 2083, Time: 00:02:41

Health: -3/27      AC:  1    Str:  6    XL:     4   Next: 8%
Magic:  1/7        EV: 13    Int: 21    God:
Gold:   60         SH:  0    Dex: 10    Spells: 6/7 levels left

rFire    . . .     SeeInvis .   (no weapon)
rCold    . . .     Faith    .   (no shield)
rNeg     . . .     Spirit   .   (helmet restricted)
rPois    .         Reflect  .   (no amulet)
rElec    .         Harm     .   (no ring)
rCorr    .         Rampage  .   (no ring)
Will     .....                  (no ring)
Stlth    +++.......             (no ring)
HPRegen  0.09/turn              (no ring)
MPRegen  0.10/turn              (no ring)
                                (no ring)
                                (no ring)

@: no status effects
A: almost no armour, amphibious, 8 rings, camouflage 1, gelatinous body 1,
(nimble swimmer 1), tentacles
a: no special abilities


You were on level 2 of the Dungeon.
You visited 1 branch of the dungeon, and saw 2 of its levels.

You collected 60 gold pieces.

Inventory:

Scrolls
 b - a scroll of enchant armour {unknown}
 c - 2 scrolls of enchant weapon
 d - a scroll of vulnerability
 e - a scroll of noise
 f - a scroll of teleportation
Potions
 a - a potion of curing {unknown}


   Skills:
 + Level 0.2 Fighting
 + Level 2.0 Dodging
 + Level 3.0 Stealth
 + Level 0.1 Unarmed Combat
 + Level 2.1 Spellcasting
 + Level 5.2 Conjurations


You had 6 spell levels left.
You knew the following spells:

 Your Spells              Type           Power      Damage    Failure   Level
a - Magic Dart            Conj           96%        1d7       1%          1

Your spell library contained the following spells:

 Spells                   Type           Power      Damage    Failure   Level
 Searing Ray              Conj           48%        3d5       2%          2
 Dazzling Flash           Conj/Hex       26%        N/A       14%         3
 Fulminant Prism          Conj/Hex       6%         3d7       43%         4
 Iskenderun's Mystic Bla  Conj/Tloc      13%        2d5       43%         4


Dungeon Overview and Level Annotations

Branches:
Dungeon (2/15)

Altars:


Innate Abilities, Weirdness & Mutations

You cannot wear most types of armour.
You are amphibious.
You can wear up to eight rings at the same time.
Your skin changes colour to match your surroundings (Stealth+).
Your rubbery body absorbs attacks. (AC +1, EV +1)
((You are camouflaged near water. (Stealth+)))
You have tentacles for arms and can constrict up to eight enemies at once.


Message History

You tentacle-slap the orc but do no damage.
Your grab misses the orc. Your squeeze misses the orc.
The orc barely misses you.
Casting: Magic Dart (safe; 1% risk of failure)
Confirm with . or Enter, or press ? or * to list all spells.
Aiming: Magic Dart (safe; 1% risk of failure)
Press: ? - help, Shift-Dir - straight line, f - orc
Aim: an orc, wielding a +0 whip and wearing a +0 scale mail (100% to hit)
The magic dart hits the orc but does no damage.
The orc hits you with a +0 whip.
Unknown command.
You barely miss the orc. You grab the orc.
You constrict the orc, but do no damage.
The orc misses you.
You completely miss the orc.
You constrict the orc, but do no damage.
The orc hits you with a +0 whip!
* * * LOW HITPOINT WARNING * * *
You tentacle-slap the orc but do no damage.
You constrict the orc. The orc hits you but does no damage.
You tentacle-slap the orc but do no damage.
The orc is lightly wounded.
You constrict the orc, but do no damage.
The orc closely misses you.
You tentacle-slap the orc but do no damage.
The orc is lightly wounded.
You constrict the orc, but do no damage.
The orc hits you with a +0 whip.
* * * LOW HITPOINT WARNING * * *
You completely miss the orc. You squeeze the orc, but do no damage.
The orc is lightly wounded.
You constrict the orc. The orc completely misses you.
You tentacle-slap the orc.
The orc is severely wounded.
You constrict the orc. The orc closely misses you.
You tentacle-slap the orc but do no damage.
The orc is almost dead.
You constrict the orc, but do no damage.
The orc hits you with a +0 whip.
You die...

#######..##.#
........###.#
.#####..# #.#
###.
#..###.###.o...
#.†.......o.K..
#. #........o.#
.. ##.###.#####
## #.#
#.########.#
### #.#
#...o@†....#
..# #.#
############
..### #.# .....
..# ..#.. .....
..... ##.# #


You could see an orc.

Vanquished Creatures
  An adder (D:2)
  A dart slug (D:1)
  2 orcs (D:2)
  7 ball pythons
  3 bats (D:1)
  5 endoplasms (D:1)
  4 goblins (D:1)
  7 hobgoblins (D:1)
  4 jackals (D:1)
  5 kobolds
  2 frilled lizards (D:2)
  A rat (D:1)
42 creatures vanquished.

Notes
Turn   | Place    | Note
-------+----------+-------------------------------------------
     0 | D:1      | ZARRMARR the Octopode Conjurer began the quest for the Orb.
     0 | D:1      | Reached XP level 1. HP: 11/11 MP: 3/3
   299 | D:1      | Reached XP level 2. HP: 12/17 MP: 1/5
  1053 | D:1      | Reached XP level 3. HP: 21/21 MP: 4/6
  1472 | D:1      | Reached skill level 5 in Conjurations
  2065 | D:2      | Reached XP level 4. HP: 16/27 MP: 0/7
  2080 | D:2      | HP: 1/27 [orc (3)]
  2083 | D:2      | Slain by an orc

Illustrated notes

Levels and vault maps discovered:
D:1:      amcnicky_arrival_gap_in_the_tavern_cellar, layout_loops_corners,
          minmay_pentomino_t4
D:2:      layout_loops_ring, hellmonk_ecumenical_altar_watching_god

Skill      XL: |  1  2  3 |
---------------+----------+-----
Stealth        | 3 |  3.0
Conjurations   | 5 |  5.2
Fighting       | |  0.2
Dodging        | |  2.0
Unarmed Combat | |  0.1
Spellcasting   | |  2.1

Action                   |  1- 3 |  4- 6 || total
-------------------------+-------+-------++-------
Melee: Unarmed           |    31 |    18 ||    49
       Tentacles         |     6 |     3 ||     9
       Constrict         |     4 |     3 ||     7
 Cast: Magic Dart        |    77 |     1 ||    78
  Use: Scroll            |     4 |       ||     4
 Stab: Sleeping          |     1 |       ||     1
Armor: Skin              |     1 |     1 ||     2
Dodge: Dodged            |    16 |    11 ||    27
